 Dungeon Crawl Stone Soup version 0.26-a0-846-gcc8f1ee719 (webtiles) character file.

Game seed: 18420371215989599735

585494 marklar909 the Halfling Catapult (level 27, 0/203 HPs)
             Began as a Halfling Hunter on Nov 18, 2020.
             Was the Champion of the Shining One.
             Slain by a reaper
             ... wielding a +2 vorpal scythe
             ... created by the effects of Hell
              (4 damage)
             ... on level 7 of Tartarus on Nov 20, 2020.
             The game lasted 03:10:35 (86279 turns).

marklar909 the Halfling Catapult (Halfling Hunter) Turns: 86279, Time: 03:10:36

Health: 0/203      AC: 31    Str: 27    XL:     27
Magic:  0/31       EV: 27    Int: 20    God:    the Shining One [******]
Gold:   6035       SH: 20    Dex: 27    Spells: 14/33 levels left

rFire    + . .     SeeInvis +   t - +9 fustibalus of Watchfulness {vorpal, rF+ rC+}
rCold    + . .     Faith    .   d - +1 kite shield {reflect}
rNeg     + + +     Spirit   +   H - +0 plate armour "Pile" {*Corrode rPois Str+4 Int+8}
rPois    +         Reflect  +   J - +2 hat {Int+3}
rElec    .         Harm     .   N - +2 cloak "Vufu" {+Blink +Fly MR+}
rCorr    .         Rampage  .   A - +2 pair of gloves {archery}
MR       ++++.                  C - +2 pair of boots {run}
Stlth    +.........             U - amulet of guardian spirit
HPRegen  0.43/turn              b - ring "Fyaps" {rN+ Slay+2 SInv Stlth+}
MPRegen  0.22/turn              G - ring of Narph {MR+ Str+6 Dex+3 Stlth+}

@: glowing, studying Short Blades, quick
A: small, mutation resistance 1
}: 2/15 runes: abyssal, gossamer
a: Divine Shield, Cleansing Flame, Summon Divine Warrior, Brand Weapon With Holy
Wrath, Renounce Religion, Evoke Blink, Evoke Flight


You were on level 7 of Tartarus.
You worshipped the Shining One.
The Shining One was exalted by your worship.
You visited 13 branches of the dungeon, and saw 56 of its levels.
You visited the Abyss 1 time.
You also visited: Ice Cave.

You collected 9729 gold pieces.
You spent 3694 gold pieces at shops.

Inventory:

Hand Weapons
 t - the +9 fustibalus of Watchfulness (weapon) {vorpal, rF+ rC+}
   (You found it on level 9 of the Dungeon)

   Any stone fired from it inflicts extra damage.
   It protects you from fire.
   It protects you from cold.
Missiles
 j - 285 stones
 q - 21 curare-tipped darts
 y - 436 sling bullets (quivered)
Armour
 d - a +1 kite shield of reflection (worn)
 A - a +2 pair of gloves of archery (worn)
 C - a +2 pair of boots of running (worn)
 H - the +0 plate armour "Pile" (worn) {*Corrode rPois Str+4 Int+8}
   (You found it on level 5 of the Depths)

   It affects your strength (+4).
   It affects your intelligence (+8).
   It protects you from poison.
   It may corrode you when you take damage.
 J - a +2 hat of intelligence (worn)
 N - the +2 cloak "Vufu" (worn) {+Blink +Fly MR+}
   (You bought it in a shop on level 3 of the Shoals)

   It affects your resistance to hostile enchantments.
   It lets you fly.
   It lets you blink.
 W - a +2 chain mail of positive energy
Jewellery
 b - the ring "Fyaps" (left hand) {rN+ Slay+2 SInv Stlth+}
   (You bought it in a shop on level 9 of the Dungeon)

   [ring of see invisible]

   It affects your accuracy and damage with ranged weapons and melee attacks
   (+2).
   It protects you from negative energy.
   It lets you see invisible.
   It makes you more stealthy.
 G - the ring of Narph (right hand) {MR+ Str+6 Dex+3 Stlth+}
   (You took it off a deep elf death mage on level 3 of the Elven Halls)

   [ring of stealth]

   It affects your strength (+6).
   It affects your dexterity (+3).
   It affects your resistance to hostile enchantments.
   It makes you more stealthy.
 U - an amulet of guardian spirit (around neck)
Wands
 c - a wand of flame (21)
 z - a wand of polymorph (8)
 F - a wand of iceblast (28)
 I - a wand of acid (21)
 T - a wand of digging (10)
Scrolls
 i - 7 scrolls of enchant weapon
 l - 6 scrolls of amnesia
 o - 25 scrolls of teleportation
 p - 6 scrolls of fog
 r - 6 scrolls of identify
 s - 2 scrolls of brand weapon
 u - 4 scrolls of immolation
 v - 19 scrolls of remove curse
 w - 12 scrolls of blinking
 D - 2 scrolls of silence
 E - 5 scrolls of magic mapping
 M - 4 scrolls of fear
 Q - 3 scrolls of summoning
Potions
 a - 2 potions of berserk rage
 e - 2 potions of resistance
 f - 12 potions of curing
 g - 6 potions of haste
 h - 10 potions of might
 k - 2 potions of magic
 m - 7 potions of brilliance
 n - 9 potions of flight
 B - 4 potions of heal wounds
 L - 3 potions of cancellation
 P - 7 potions of ambrosia
 R - 3 potions of lignification
 S - a potion of invisibility
 V - 5 potions of mutation
Books
 Z - a manual of Short Blades
Miscellaneous
 x - a condenser vane
 K - a phantom mirror
 O - a tin of tremorstones (2/2)


   Skills:
 * Level 20.5 Fighting
 O Level 27 Slings
 + Level 0.6(13.9) Throwing
 * Level 17.5 Armour
 * Level 17.2 Dodging
 + Level 5.2 Stealth
 * Level 21.2 Shields
 + Level 2.1 Unarmed Combat
 + Level 3.8 Spellcasting
 + Level 4.8 Hexes
 + Level 10.4 Translocations
 + Level 6.1 Fire Magic
 + Level 9.4 Air Magic
 + Level 6.8 Earth Magic
 + Level 0.5 Poison Magic
   Level 11.9 Invocations
 + Level 10.1 Evocations


You had 14 spell levels left.
You knew the following spells:

 Your Spells              Type           Power        Failure   Level
a - Blink                 Tloc           N/A          1%          2
b - Mephitic Cloud        Conj/Pois/Air  ###.....     50%         3
c - Airstrike             Air            #####.....   14%         4
d - Inner Flame           Hex/Fire       ####....     22%         3
e - Leda's Liquefaction   Hex/Erth       ####......   54%         4
f - Portal Projectile     Hex/Tloc       ####..       10%         3

Your spell library contained the following spells:

 Spells                   Type           Power        Failure   Level
 Swiftness                Air            #####...     2%          2
 Sandblast                Erth           ####..       4%          1
 Corona                   Hex            ###....      10%         1
 Passage of Golubria      Tloc           N/A          10%         4
 Shock                    Conj/Air       ###.         11%         1
 Poisonous Vapours        Pois/Air       ###...       14%         2
 Corpse Rot               Necr/Air       N/A          16%         2
 Slow                     Hex            ###.....     16%         2
 Foxfire                  Conj/Fire      ###.         21%         1
 Passwall                 Tmut/Erth      ###.....     26%         2
 Static Discharge         Conj/Air       ###.....     30%         3
 Ensorcelled Hibernation  Hex/Ice        ##....       38%         2
 Stone Arrow              Conj/Erth      ###...       47%         3
 Conjure Flame            Conj/Fire      ###.....     52%         3
 Sting                    Tmut/Pois      #...         54%         1
 Animate Skeleton         Necr           #.....       58%         1
 Freeze                   Ice            #...         58%         1
 Magic Dart               Conj           #...         58%         1
 Ignite Poison            Fire/Tmut/Pois ##......     65%         3
 Cause Fear               Hex            ###.......   69%         4
 Summon Lightning Spire   Summ/Air       ###.....     71%         4
 Silence                  Hex/Air        ####......   71%         5
 Call Imp                 Summ           #.......     73%         2
 Sublimation of Blood     Necr           #.........   73%         2
 Lee's Rapid Deconstruct  Erth           ####......   77%         5
 Petrify                  Tmut/Erth      ###.....     87%         4
 Sticky Flame             Conj/Fire      ###.....     90%         4
 Frozen Ramparts          Ice            #.....       91%         3
 Ozocubu's Armour         Ice            #.......     91%         3
 Lightning Bolt           Conj/Air       ###.......   96%         5
 Bolt of Magma            Conj/Fire/Erth ###.......   98%         5
 Olgreb's Toxic Radiance  Pois           #.......     99%         4
 Borgnjor's Vile Clutch   Necr/Erth      ###.......   99%         5
 Fireball                 Conj/Fire      ###.......   99%         5
 Animate Dead             Necr           #.........   100%        4
 Dispel Undead            Necr           #.......     100%        4
 Hailstorm                Conj/Ice       #.......     100%        4
 Ice Form                 Ice/Tmut       #.......     100%        4
 Summon Ice Beast         Ice/Summ       #.......     100%        4
 Agony                    Necr           #.......     100%        5
 Excruciating Wounds      Necr           #.........   100%        5
 Irradiate                Conj/Tmut      #.........   100%        5
 Metabolic Englaciation   Hex/Ice        ##........   100%        5
 Yara's Violent Unravell  Hex/Tmut       ##........   100%        5
 Conjure Ball Lightning   Conj/Air       ###.......   100%        6
 Death Channel            Necr           #.........   100%        6
 Freezing Cloud           Conj/Ice/Air   ###.......   100%        6
 Hydra Form               Tmut           #.........   100%        6
 Invisibility             Hex            ###.....     100%        6
 Iron Shot                Conj/Erth      ###.......   100%        6
 Ozocubu's Refrigeration  Ice            #.........   100%        6
 Shadow Creatures         Summ           N/A          100%        6
 Simulacrum               Ice/Necr       #.........   100%        6
 Statue Form              Tmut/Erth      ###......    100%        6
 Dragon Form              Tmut           #.........   100%        7
 Discord                  Hex            ###.......   100%        8
 Shatter                  Erth           ####......   100%        9
 Tornado                  Air            #####.....   100%        9


Dungeon Overview and Level Annotations

Branches:
Dungeon (15/15)            Temple (1/1) D:4            Lair (6/6) D:9
 Shoals (4/4) Lair:3       Spider (4/4) Lair:2        Slime (0/5) Lair:6
    Orc (2/2) D:10            Elf (3/3) Orc:2        Vaults (4/5) D:13
  Crypt (3/3) Vaults:3       Tomb (0/3) Crypt:3      Depths (5/5) D:15
   Hell (visited)             Dis (0/7) Hell            Geh (0/7) Hell
    Coc (1/7) Hell            Tar (7/7) Hell            Zot (0/5) Depths:5
  IceCv (visited)

Altars:
Ashenzari
Cheibriados
Dithmenos
Elyvilon
Fedhas
Gozag
Hepliaklqana
Kikubaaqudgha
Makhleb
Nemelex Xobeh
Okawaru
Qazlal
Ru
Sif Muna
Trog
Uskayaw
Vehumet
Wu Jian
Xom
Yredelemnul
Zin
The Shining One
Beogh

Shops:
D:9 [=}   Orc:1 *   Orc:2 (?=!?   Shoals:1 ?   Shoals:3 [[   Vaults:1 :
Depths:4 [*(

Portals:
Hell: Depths:1 Depths:2 Depths:4 Depths:5
Abyss: Depths:1 Depths:2 Depths:4 Depths:5
Pandemonium: Depths:3 Depths:5
Ziggurat: Depths:4

Annotations:
D:1 Sigmund
Lair:1 exclusion: oklob plant
Spider:2 3 runed translucent doors, robotcentaur's ghost, adept TeNe
Elf:2 3 runed translucent doors


Innate Abilities, Weirdness & Mutations

You are small and have problems with some larger weapons.
You are somewhat resistant to further mutation.


Message History

Press: ? - help, Shift-Dir - straight line, f - reaper
Aim: a reaper, wielding a +2 vorpal scythe (severely wounded, haloed)
You shoot a sling bullet. The sling bullet hits the reaper!
The reaper is almost dead.
The lich touches you.
* * * LOW HITPOINT WARNING * * *
The shadow demon gestures.
The Tzitzimitl gestures at you. The bolt of cold misses you.
Unknown command.
Unknown command.
Unknown command.
Firing (i - inventory. (/) - cycle)
y - 437 sling bullets (quivered)
Press: ? - help, Shift-Dir - straight line, f - Tzitzimitl, p - reaper
Aim: a Tzitzimitl (moderately wounded, haloed)
You shoot a sling bullet. The sling bullet hits the Tzitzimitl!!
The Tzitzimitl is heavily wounded.
You block the lich's attack.
The reaper hits you with a +2 vorpal scythe!
* * * LOW HITPOINT WARNING * * *
You die...

#(. #..# #..# #((
#..# #..# (.(( #...#
#..# ..()( #...# #..#
...((###(..# #..#
.....(.(..#### #..#
.....'[3(##})#####..#
##''#4'###†.#..)...#
#....'..4#@.z'......#
.....'§§ZL21.'......+
...###...2.Z.#......+
.# ################


You could see a Tzitzimitl, a lich (fast), a reaper, a skeletal warrior, a
shadow demon, a black mamba skeleton (summoned) and a snapping turtle skeleton.

Vanquished Creatures
  An ancient lich (Tar:7)
  A juggernaut (Depths:5)
  Mara (Vaults:4)
  Saint Roka (Crypt:2)
  The ghost of Ciwiv the Executioner, a veteran FoFi of Dithmenos (Crypt:2)
  Geryon (Hell)
  3 golden dragons
  The ghost of Katt the Executioner, an adept MiFi of the Shining One (Crypt:2)
  The ghost of Jetyrhek the Devastator, a veteran GrEE of Lugonu (Crypt:2)
  Jory (Crypt:3)
  8 bone dragons
  10 Tzitzimimeh
  Arachne (Spider:4)
  5 doom hounds
  3 liches
  Rupert (Lair:4)
  A tentacled monstrosity (Depths:2)
  A Hell Sentinel (Abyss:2)
  7 titans
  6 deep elf blademasters
  The ghost of reriks the Fencer, an adept FoFi of Qazlal (Spider:3)
  7 deep elf master archers
  Frances (D:13)
  A tentacled starspawn (Abyss:4)
  2 sphinxes
  2 ancient champions
  13 shadow dragons
  2 tengu reavers
  2 revenants
  5 draconian monks (Depths:5)
  22 fire giants
  22 frost giants
  A cacodemon (Hell)
  Louise (D:15)
  3 balrugs
  8 deep elf sorcerers
  An iron dragon (Depths:1)
  8 vault wardens
  2 draconian knights
  4 curse skulls
  A juggernaut zombie (Depths:3)
  10 emperor scorpions
  5 ghost moths
  A draconian annihilator (Depths:5)
  2 ghouls
  The ghost of Demosthentine the Fighter, a journeyman FoFi of Cheibriados (D:14)
  30 stone giants
  7 deep elf elementalists
  A spriggan defender (Depths:3)
  8 vampire knights
  17 reapers
  A war gargoyle (Depths:1)
  11 ironheart preservers
  29 very ugly things
  4 entropy weavers
  7 deep elf demonologists
  17 starcursed masses
  4 dire elephants (Lair:6)
  5 red draconians
  14 deep elf annihilators
  Nessos (D:13)
  4 black draconians
  4 spark wasps
  4 green draconians
  2 yellow draconians
  8 white draconians
  10 purple draconians
  A blizzard demon (Depths:2)
  3 eidola
  6 merfolk javelineers
  13 ettins
  13 deep elf death magi
  7 fire dragons
  5 merfolk impalers
  Josephine (D:15)
  Snorg (D:13)
  2 quicksilver dragon zombies
  A kraken zombie (Hell)
  3 deep elf high priests
  A green death (Spider:3)
  22 yaktaur captains
  23 jiangshi
  9 rakshasas
  8 great orbs of eyes
  2 quicksilver dragon skeletons
  10 ice dragons
  11 vault guards
  4 boulder beetles
  9 hydras
  2 ghost crabs
  4 spriggan air magi
  7 centaur warriors
  7 death knights
  A catoblepas (Lair:6)
  8 deep troll shamans
  The ghost of JolietJake the Blocker, a novice MiFi of Okawaru (D:9)
  19 dancing weapons
  An anaconda (Lair:6)
  15 ogre magi
  5 merfolk avatars
  22 two-headed ogres
  7 merfolk aquamancers
  5 death yaks (Lair:2)
  4 satyrs
  4 deep troll earth magi
  5 tengu warriors
  20 vampire magi
  Urug (Lair:3)
  2 hell hogs (Abyss:2)
  5 thrashing horrors
  8 small abominations
  7 orc high priests (Orc:2)
  2 storm dragon zombies
  3 wretched stars
  A spriggan berserker (Depths:3)
  18 soul eaters
  32 deep elf knights
  7 sun demons
  A titan skeleton (Tar:5)
  11 hell knights
  40 skeletal warriors
  Sonja (D:10)
  7 shadow wraiths
  A fire crab (shapeshifter) (D:9)
  A salamander mystic (Depths:2)
  4 golden dragon zombies
  13 sea snakes
  3 unseen horrors
  3 iron trolls
  2 spatial maelstroms
  4 death drakes
  A gelid demonspawn (Depths:3)
  10 flayed ghosts
  10 shadow demons
  2 ghost moth zombies
  9 deep trolls
  An iron giant zombie (Crypt:3)
  10 large abominations
  An unseen horror (shapeshifter) (D:15)
  5 glowing orange brains
  An anaconda zombie (Crypt:3)
  22 deep elf archers
  2 anaconda skeletons
  3 wizards
  2 golden dragon skeletons
  19 phantasmal warriors
  3 lindwurms (Depths:5)
  12 ironbrand convokers
  24 orb spiders
  15 necromancers
  4 orc sorcerers
  2 cyclopes
  An iron dragon zombie (Crypt:3)
  11 orc knights
  A fire giant zombie (Tar:4)
  53 deep elf magi
  30 ugly things
  15 fauns
  36 wolf spiders
  A wolf spider zombie (Crypt:3)
  3 frost giant zombies
  3 shadow dragon skeletons
  A manticore (shapeshifter) (Depths:5)
  3 salamanders (Depths:2)
  9 manticores
  3 stone giant zombies
  2 worldbinders
  7 merfolk sirens
  2 fire giant skeletons
  A guardian serpent (shapeshifter) (Vaults:3)
  A centaur zombie (D:15)
  2 iron dragon skeletons
  A stone giant skeleton (Tar:5)
  2 rust devils
  5 black mambas
  A storm dragon simulacrum (Vaults:3)
  2 guardian serpents (Depths:4)
  4 torpor snails
  A black mamba (shapeshifter) (Depths:4)
  6 dire elephant zombies
  2 water nymphs (Shoals:4)
  9 vault sentinels
  2 smoke demons
  Psyche (D:9)
  4 elephants (Lair:6)
  2 molten gargoyles
  A torpor snail (shapeshifter) (D:14)
  A dire elephant skeleton (Hell)
  2 ice statues (IceCv)
  5 orange demons
  2 hellions
  A death yak zombie (Crypt:2)
  20 cane toads
  12 freezing wraiths
  Maggie (D:8)
  10 komodo dragons
  2 green draconian zombies
  74 yaktaurs
  A kobold demonologist (D:12)
  An efreet (D:14)
  15 demonic crawlers
  27 ice devils
  A hellwing (Depths:3)
  An ancient zyme (Abyss:3)
  5 rime drakes
  7 tormentors
  A yellow draconian skeleton (Crypt:1)
  A queen bee (Spider:2)
  2 tengu conjurers
  3 meliai (Spider:2)
  23 merfolk
  8 wind drakes
  4 silent spectres
  36 jumping spiders
  A troll (shapeshifter) (Vaults:2)
  A wind drake (shapeshifter) (Vaults:3)
  A meliai (shapeshifter) (D:15)
  2 polar bears (shapeshifter)
  A red devil (Hell)
  12 trolls
  A death drake zombie (Crypt:2)
  4 hydra zombies
  A sea snake skeleton (Crypt:2)
  8 hornets
  A deep troll zombie (Depths:1)
  A shadow dragon simulacrum (Hell)
  A polar bear (Lair:5)
  16 blink frogs
  A hornet (shapeshifter) (Vaults:3)
  7 raiju
  2 alligator zombies
  A raiju (shapeshifter) (Vaults:3)
  3 hydra skeletons
  A stone giant simulacrum (Vaults:2)
  An iron dragon simulacrum (Depths:3)
  34 slime creatures
  7 snapping turtles
  2 ettin zombies
  A meliai zombie (D:12)
  2 fire dragon zombies
  2 ice dragon zombies
  17 flying skulls
  3 air elementals
  4 ettin skeletons
  An ice dragon skeleton (Tar:6)
  41 tarantellas
  2 fire dragon skeletons (Tar:3)
  2 ynoxinuls (Abyss:2)
  A redback (shapeshifter) (Depths:4)
  16 shadows
  26 water elementals
  A wyvern (shapeshifter) (Depths:1)
  22 wraiths
  72 redbacks
  3 spriggans (Depths:3)
  71 yaks
  An alligator skeleton (Hell)
  13 wyverns
  25 vampires (Crypt:3)
  12 vampire mosquitoes
  10 basilisks
  10 fire elementals
  3 chaos spawn
  A neqoxec (Abyss:2)
  A wind drake skeleton (Crypt:1)
  10 wargs
  2 steam dragons (D:6)
  A gelid demonspawn zombie (Crypt:2)
  An insubstantial wisp (Abyss:2)
  A naga (shapeshifter) (Depths:1)
  Edmund (D:4)
  A merfolk zombie (Tar:2)
  4 cane toad zombies
  14 hell hounds
  5 acid dragons
  A floating eye (shapeshifter) (Vaults:2)
  2 floating eyes
  An infernal demonspawn skeleton (Crypt:1)
  A two-headed ogre skeleton (Crypt:1)
  13 water moccasins
  3 cane toad skeletons (Hell)
  46 orc warriors
  4 sky beasts
  13 ice beasts
  A black bear (shapeshifter) (Vaults:2)
  2 black bears
  4 phantoms
  44 ogres
  A snapping turtle zombie (Tar:5)
  4 swamp drakes (Depths:5)
  2 eyes of draining
  14 necrophages
  14 wolves
  18 boggarts
  14 centaurs
  2 human zombies
  A centaur (shapeshifter) (Depths:3)
  A hog skeleton (Crypt:2)
  3 big kobolds
  3 elf zombies
  27 bullfrogs
  2 wyvern zombies
  2 earth elementals (Elf:1)
  5 scorpions
  An orc simulacrum (Vaults:1)
  2 water moccasin skeletons
  33 wights
  18 killer bees
  2 spriggan skeletons
  3 howler monkeys
  4 electric eels
  9 crimson imps (Depths:2)
  A bullfrog zombie (D:9)
  3 quasits
  7 hounds
  42 orc priests
  5 jellies
  25 orc wizards
  2 bullfrog skeletons
  6 centaur skeletons
  2 iron imps
  4 iguanas
  10 worker ants
  8 hell rats
  A naga zombie (Crypt:2)
  A naga skeleton (Crypt:3)
  An ogre skeleton (Crypt:2)
  A howler monkey zombie (D:10)
  A howler monkey skeleton (D:10)
  15 adders
  11 shadow imps
  22 white imps
  15 ufetubi
  2 adder skeletons
  An adder zombie (D:8)
  3 worms
  2 dart slugs
  5 leopard geckos
  127 orcs
  4 giant cockroaches
  7 goblins (D:2)
  6 hobgoblins
  21 jackals
  2 quokkas
  4 bats
  11 frilled lizards
  A frilled lizard skeleton (Crypt:3)
  21 kobolds
  A leopard gecko zombie (D:9)
  2 quokka skeletons
  A quokka zombie (D:9)
  11 rats
  7 crawling corpses
  3 tentacles (Hell)
2750 creatures vanquished.

Vanquished Creatures (collateral kills)
  The ghost of Litabreata the Executioner, a veteran FoFi of Dithmenos (Crypt:2)
1 creature vanquished.

Vanquished Creatures (others)
  A titan (Crypt:2)
  A frost giant (Crypt:3)
  A reaper (IceCv)
  A deep elf death mage (Elf:3)
  3 flying skulls (Tar:3)
  A tarantella (Spider:3)
  A redback (Spider:1)
  A swamp drake (Depths:5)
  A necrophage (Tar:7)
  A white imp (IceCv)
  3 ufetubi (IceCv)
  An orc (Vaults:1)
  A quokka zombie (D:9)
  25 fungi
  96 plants
  4 tentacles (Hell)
  3 toadstools (Depths:1)
  A withered plant (D:4)
146 creatures vanquished.

Grand Total: 2897 creatures vanquished

Notes
Turn   | Place    | Note
-------+----------+-------------------------------------------
     0 | D:1      | marklar909 the Halfling Hunter began the quest for the Orb.
     0 | D:1      | Reached XP level 1. HP: 14/14 MP: 1/1
    75 | D:1      | Reached skill level 6 in Slings
   132 | D:1      | Reached XP level 2. HP: 17/19 MP: 2/2
   832 | D:2      | Noticed a +0 hand axe
   832 | D:2      | Noticed Sigmund
   876 | D:2      | Noticed a +0 hand axe
   882 | D:2      | Reached XP level 3. HP: 16/24 MP: 3/3
   983 | D:2      | Found a hide-covered altar of Uskayaw.
  1041 | D:2      | Reached skill level 7 in Slings
  1231 | D:2      | Found a faded altar of an unknown god.
  1447 | D:2      | Reached XP level 4. HP: 29/29 MP: 4/4
  2165 | D:3      | Found a burning altar of Makhleb.
  2167 | D:3      | Noticed an Executioner
  2183 | D:3      | Found a glowing silver altar of Zin.
  2183 | D:3      | Noticed an angel
  2727 | D:4      | Reached skill level 8 in Slings
  2727 | D:4      | Reached XP level 5. HP: 19/34 MP: 5/5
  2930 | D:4      | Found a staircase to the Ecumenical Temple.
  2954 | Temple   | Entered the Ecumenical Temple
  3035 | Temple   | Became a worshipper of Warmaster Okawaru
  3091 | D:4      | Found a basalt altar of Yredelemnul.
  3125 | D:4      | Reached skill level 1 in Shields
  3192 | D:4      | Reached skill level 1 in Armour
  3396 | D:5      | Entered Level 5 of the Dungeon
  3396 | D:5      | Noticed Edmund
  4116 | D:5      | Noticed a centaur
  4129 | D:5      | Killed a centaur
  4130 | D:5      | Reached XP level 6. HP: 24/41 MP: 6/6
  4162 | D:5      | Noticed a sky beast
  4731 | D:5      | Reached skill level 1 in Invocations
  4840 | D:5      | Reached skill level 9 in Slings
  4840 | D:5      | Reached XP level 7. HP: 45/45 MP: 7/7
  4848 | D:5      | Reached * piety under Okawaru
  5377 | D:5      | Noticed a water moccasin
  5397 | D:5      | Killed a water moccasin
  5687 | D:4      | Killed Edmund
  5970 | D:4      | Reached ** piety under Okawaru
  5971 | D:4      | Reached XP level 8. HP: 44/52 MP: 9/9
  6358 | D:6      | Reached skill level 10 in Slings
  7157 | D:7      | Reached XP level 9. HP: 57/57 MP: 11/11
  7462 | D:7      | Learned a level 2 spell: Blink
  7466 | D:7      | Learned a level 3 spell: Mephitic Cloud
  7523 | D:7      | Reached skill level 11 in Slings
  7565 | D:7      | Reached *** piety under Okawaru
  7660 | D:7      | Found a hazy altar of Hepliaklqana.
  8247 | D:8      | Reached skill level 5 in Fighting
  8304 | D:8      | Reached skill level 1 in Spellcasting
  8397 | D:8      | Reached skill level 12 in Slings
  8529 | D:8      | Reached **** piety under Okawaru
  8572 | D:8      | Noticed a troll
  8603 | D:8      | Killed a troll
  8604 | D:8      | Reached XP level 10. HP: 25/66 MP: 9/12
  8889 | D:8      | Noticed Maggie
  8916 | D:8      | Killed Maggie
  8917 | D:8      | Reached skill level 5 in Dodging
  9097 | D:8      | Found a radiant altar of Vehumet.
  9098 | D:8      | Found an opulent altar of Gozag.
  9162 | D:8      | Learned a level 4 spell: Airstrike
  9185 | D:8      | Reached skill level 5 in Shields
  9196 | D:8      | Reached skill level 5 in Armour
  9209 | D:8      | Reached ***** piety under Okawaru
  9556 | D:9      | Reached skill level 1 in Translocations
  9787 | D:9      | Found a staircase to the Lair.
  9826 | D:9      | Noticed a centaur warrior
  9829 | D:9      | Reached skill level 13 in Slings
  9844 | D:9      | Received a gift from Okawaru
  9857 | D:9      | Killed a centaur warrior
  9858 | D:9      | Reached XP level 11. HP: 34/74 MP: 6/14
  9860 | D:9      | Received a gift from Okawaru
  9878 | D:9      | Noticed a fire crab
  9878 | D:9      | a jumping spider changed into a fire crab
  9886 | D:9      | Killed a fire crab
 10252 | D:9      | Noticed a white ugly thing
 10274 | D:9      | Killed a white ugly thing
 10314 | D:9      | Got a crystal fustibalus
 10315 | D:9      | Identified the +9 fustibalus of Watchfulness {vorpal, rF+
                  | rC+} (You found it on level 9 of the Dungeon)
 10438 | D:9      | Found Zapuwk's Gadget Boutique.
 10586 | D:9      | Noticed a two-headed ogre
 10595 | D:9      | Killed a two-headed ogre
 10595 | D:9      | Received a gift from Okawaru
 10665 | D:9      | Identified a +1 pair of boots of running (Okawaru gifted it
                  | to you on level 9 of the Dungeon)
 10777 | D:9      | Noticed an orc knight
 10785 | D:9      | Killed an orc knight
 10867 | D:9      | Found Xavyti Umec's Jewellery Emporium.
 10953 | D:9      | Found Naoga's Antique Armour Boutique.
 11002 | D:9      | Found a runed translucent gate.
 11003 | D:9      | Found a runed translucent gate.
 11004 | D:9      | Found a runed translucent gate.
 11072 | D:9      | Noticed a nine-headed hydra
 11072 | D:9      | Noticed JolietJake's ghost (novice MiFi)
 11106 | D:9      | Noticed Psyche
 11115 | D:9      | Killed Psyche
 11624 | D:10     | Entered Level 10 of the Dungeon
 11630 | D:10     | Reached skill level 14 in Slings
 11671 | D:10     | Noticed Sonja
 11677 | D:10     | Killed Sonja
 11678 | D:10     | Reached XP level 12. HP: 76/83 MP: 15/15
 11908 | D:10     | Found a staircase to the Orcish Mines.
 12099 | D:10     | Found a transporter.
 12208 | D:10     | Received a gift from Okawaru
 12375 | D:10     | Found a transporter.
 12484 | D:10     | Identified the +1 plate armour "Dyjecraf" {Harm}
 12484 | D:10     | Identified the ring "Tulor" {Dex+5 SInv Stlth-}
 13061 | D:11     | Found a radiant altar of Vehumet.
 13158 | D:11     | Noticed a six-headed hydra
 13165 | D:11     | Killed a six-headed hydra
 13245 | D:11     | Noticed a boulder beetle
 13265 | D:11     | Killed a boulder beetle
 13468 | Lair:1   | Entered Level 1 of the Lair of Beasts
 13538 | Lair:1   | Reached skill level 15 in Slings
 13554 | Lair:1   | Noticed a five-headed hydra
 13716 | D:9      | Killed a five-headed hydra
 14126 | Lair:1   | Received a gift from Okawaru
 14394 | Lair:1   | Reached skill level 10 in Fighting
 14394 | Lair:1   | Reached XP level 13. HP: 91/91 MP: 16/16
 14411 | Lair:1   | Found an opulent altar of Gozag.
 14439 | Lair:1   | Reached ****** piety under Okawaru
 14497 | Lair:1   | Received a gift from Okawaru
 15383 | Lair:2   | Found a hole to the Spider Nest.
 15445 | Lair:2   | Received a gift from Okawaru
 15446 | Lair:2   | Found the +7 Kryia's mail coat {PotionHeal*2 rC+}
 15459 | Lair:2   | Reached skill level 1 in Air Magic
 15910 | Lair:2   | Got a shimmering brass amulet
 16564 | Lair:2   | Identified the amulet of Aniufeh {Inacc +Inv rF- rN++
                  | Int+5} (You found it on level 2 of the Lair of Beasts)
 16620 | Lair:3   | Found a staircase to the Shoals.
 16620 | Lair:3   | Noticed a seven-headed hydra
 16625 | Lair:3   | Killed a seven-headed hydra
 16767 | Lair:3   | Noticed Urug
 16779 | Lair:3   | Killed Urug
 16899 | Lair:3   | Noticed a four-headed hydra
 16905 | Lair:3   | Killed a four-headed hydra
 17273 | Lair:3   | Received a gift from Okawaru
 17634 | Lair:4   | Noticed a six-headed hydra
 17640 | Lair:4   | Killed a six-headed hydra
 17752 | Lair:4   | Found a radiant altar of Vehumet.
 17840 | Lair:4   | Noticed Rupert
 17868 | Lair:4   | Killed Rupert
 17869 | Lair:4   | Reached XP level 14. HP: 64/100 MP: 12/19
 18045 | Lair:4   | Reached skill level 16 in Slings
 19456 | Lair:6   | Entered Level 6 of the Lair of Beasts
 19687 | Lair:6   | Found a staircase to the Slime Pits.
 19692 | Lair:6   | Received a gift from Okawaru
 19712 | Lair:6   | Found a frozen archway.
 19742 | IceCv    | Entered an ice cave
 19947 | IceCv    | Killed a reaper
 20642 | Lair:6   | Reached skill level 10 in Armour
 20666 | Lair:6   | Reached skill level 5 in Invocations
 20822 | Lair:6   | Reached skill level 5 in Air Magic
 20822 | Lair:6   | Reached XP level 15. HP: 107/107 MP: 20/20
 21321 | Lair:6   | Reached skill level 10 in Dodging
 22296 | Lair:6   | Received a gift from Okawaru
 22373 | Lair:6   | Received a gift from Okawaru
 22374 | Lair:6   | Reached skill level 17 in Slings
 22571 | Lair:6   | Got a twitching wooden ring
 22891 | D:9      | Identified the ring "Wasaarib" {Int+2 Stlth-} (You found it
                  | on level 6 of the Lair of Beasts)
 22986 | Orc:1    | Entered Level 1 of the Orcish Mines
 22993 | Orc:1    | Reached skill level 10 in Shields
 23297 | Orc:1    | Found Eclu's Assorted Antiques.
 23302 | Orc:1    | Bought a runed steel amulet for 180 gold pieces
 23324 | Orc:2    | Entered Level 2 of the Orcish Mines
 23347 | Orc:2    | Received a gift from Okawaru
 23767 | Orc:2    | Found Doal's Magic Scroll Shop.
 23783 | Orc:2    | Received a gift from Okawaru
 23868 | Orc:2    | Bought 3 scrolls of identify for 84 gold pieces
 23868 | Orc:2    | Bought a scroll of teleportation for 42 gold pieces
 23868 | Orc:2    | Bought a scroll of identify for 28 gold pieces
 23873 | Orc:2    | Found Zigarul's Antique Weapon Emporium.
 24013 | Orc:2    | Found a roughly hewn altar of Beogh.
 24149 | Orc:2    | Found Joepuqib's Distillery.
 24149 | Orc:2    | Found Pyrofap's Magic Scroll Shop.
 24157 | Orc:2    | Bought a scroll of teleportation for 36 gold pieces
 24157 | Orc:2    | Bought a scroll of teleportation for 36 gold pieces
 24157 | Orc:2    | Bought a scroll of blinking for 90 gold pieces
 24173 | Orc:2    | Bought a potion of heal wounds for 55 gold pieces
 24173 | Orc:2    | Bought a potion of heal wounds for 55 gold pieces
 24173 | Orc:2    | Bought a potion of curing for 33 gold pieces
 24173 | Orc:2    | Bought a potion of might for 44 gold pieces
 24282 | Orc:2    | Found a staircase to the Elven Halls.
 24323 | Orc:2    | Found Rinapikkawn's Jewellery Boutique.
 24722 | Orc:1    | Received a gift from Okawaru
 25932 | D:13     | Reached XP level 16. HP: 109/114 MP: 21/21
 26084 | D:13     | Found a gate to the Vaults.
 26226 | D:13     | Noticed Snorg
 26244 | D:13     | Killed Snorg
 26313 | D:13     | You fall into a shaft and drop 2 floors!
 26313 | D:15     | Entered Level 15 of the Dungeon
 26611 | D:15     | Reached skill level 18 in Slings
 26654 | D:15     | Noticed Josephine
 26665 | D:15     | Killed Josephine
 27150 | D:15     | Received a gift from Okawaru
 27281 | D:15     | Noticed Louise
 27312 | D:15     | Killed Louise
 27383 | D:15     | Found a staircase to the Depths.
 27778 | D:14     | Received a gift from Okawaru
 27863 | D:14     | Found a runed translucent gate.
 27863 | D:14     | Found a runed translucent gate.
 27863 | D:14     | Found a runed translucent gate.
 27864 | D:14     | Found an opulent altar of Gozag.
 27864 | D:14     | Noticed a frost giant
 27874 | D:14     | Noticed Demosthentine's ghost (journeyman FoFi)
 27919 | D:14     | Found a blossoming altar of Fedhas.
 27960 | D:14     | Found a broken altar of Ashenzari.
 28123 | D:14     | Received a gift from Okawaru
 29060 | D:13     | Noticed Nessos
 29071 | D:13     | Killed Nessos
 29144 | D:13     | Noticed Frances
 29168 | D:13     | Killed Frances
 29168 | D:13     | Received a gift from Okawaru
 29767 | Shoals:1 | Entered Level 1 of the Shoals
 29919 | Shoals:1 | Found Hicsuelo's Magic Scroll Shoppe.
 29928 | Shoals:1 | Bought a scroll of identify for 26 gold pieces
 29928 | Shoals:1 | Bought a scroll of teleportation for 39 gold pieces
 30572 | Shoals:2 | Reached skill level 19 in Slings
 30572 | Shoals:2 | Reached XP level 17. HP: 89/122 MP: 22/22
 31874 | Shoals:3 | Received a gift from Okawaru
 31894 | Shoals:3 | Found Rybufyri's Antique Armour Shoppe.
 31913 | Shoals:3 | Bought a distressingly furry cloak for 266 gold pieces
 32104 | Shoals:3 | Found Vusm's Armour Emporium.
 32119 | Shoals:3 | Bought a +2 pair of gloves of strength for 408 gold pieces
 32243 | Shoals:4 | Entered Level 4 of the Shoals
 32959 | Shoals:4 | Reached skill level 20 in Slings
 33951 | Lair:3   | Identified the +2 cloak "Vufu" {+Blink +Fly MR+} (You
                  | bought it in a shop on level 3 of the Shoals)
 34084 | Shoals:3 | Got a slimy scale mail {god gift}
 34085 | Shoals:3 | Identified the +4 scale mail of Grottiness {Str+2} (Okawaru
                  | gifted it to you on level 3 of the Shoals)
 34193 | Lair:6   | Got an ancient plate armour {god gift}
 34194 | Lair:6   | Identified the +4 plate armour of Osmotedwa {Str+4}
                  | (Okawaru gifted it to you on level 6 of the Lair of Beasts)
 34348 | D:9      | Killed JolietJake's ghost
 34355 | D:9      | Reached XP level 18. HP: 95/131 MP: 17/24
 34502 | Spider:1 | Entered Level 1 of the Spider Nest
 34520 | Lair:2   | Received a gift from Okawaru
 35028 | Spider:1 | Reached skill level 1 in Evocations
 35038 | Spider:1 | Received a gift from Okawaru
 37567 | Spider:2 | Noticed robotcentaur's ghost (adept TeNe)
 37769 | Spider:2 | Found a runed translucent gate.
 37769 | Spider:2 | Found a runed translucent gate.
 37771 | Spider:2 | Found a runed translucent gate.
 38173 | Spider:3 | Found a runed translucent gate.
 38173 | Spider:3 | Found a runed translucent gate.
 38175 | Spider:3 | Found a runed translucent gate.
 38178 | Spider:3 | Noticed reriks's ghost (adept FoFi)
 38244 | Spider:3 | Reached skill level 21 in Slings
 38341 | Spider:3 | Received a gift from Okawaru
 38666 | Spider:3 | Received a gift from Okawaru
 39012 | Spider:3 | Received a gift from Okawaru
 39180 | Spider:4 | Entered Level 4 of the Spider Nest
 39384 | Spider:4 | Reached XP level 19. HP: 138/138 MP: 25/25
 39510 | Spider:4 | Reached skill level 15 in Fighting
 39629 | Spider:4 | Noticed Arachne
 39641 | Spider:4 | Killed Arachne
 39642 | Spider:4 | Reached skill level 5 in Evocations
 39661 | Spider:4 | Received a gift from Okawaru
 39711 | Spider:4 | Got a fading kite shield {god gift}
 40934 | Spider:4 | Got a gossamer rune of Zot
 41152 | Spider:4 | Identified the +0 kite shield of Okawaru's Grace {*Drain
                  | MP+9 Dex+3} (Okawaru gifted it to you on level 4 of the
                  | Spider Nest)
 41339 | D:9      | Bought a smouldering cloak for 180 gold pieces
 41339 | D:9      | Bought a jewelled helmet for 180 gold pieces
 41339 | D:9      | Identified the +0 cloak of Zuniczin {*Contam rC- Dex+5 SInv
                  | Stlth+} (You bought it in a shop on level 9 of the Dungeon)
 41340 | D:9      | Identified the +1 helmet of the Garden {rF- MR+ Int+2} (You
                  | bought it in a shop on level 9 of the Dungeon)
 41512 | Spider:3 | Killed reriks's ghost
 41604 | Spider:3 | Got a bound brass ring
 41628 | Spider:3 | Got a pair of heavily runed boots
 41629 | Spider:3 | Identified the ring "Mukh" {Ice Str-5 Int+6 Dex+3} (You
                  | found it on level 3 of the Spider Nest)
 41630 | Spider:3 | Identified the cursed -2 pair of boots "Juapsud" {rElec
                  | Str+5} (You found it on level 3 of the Spider Nest)
 41874 | Elf:1    | Entered Level 1 of the Elven Halls
 42359 | Elf:1    | Received a gift from Okawaru
 42817 | Elf:1    | Reached skill level 22 in Slings
 42843 | Elf:1    | Identified Iqyc Ximm's Compendium of Evil Secrets
 42849 | Elf:1    | Learned a level 3 spell: Inner Flame
 42854 | Elf:1    | Learned a level 4 spell: Leda's Liquefaction
 43027 | Elf:2    | Reached XP level 20. HP: 146/146 MP: 26/26
 43278 | Elf:2    | Found a runed translucent gate.
 43278 | Elf:2    | Found a runed translucent gate.
 43278 | Elf:2    | Found a runed translucent gate.
 43330 | Elf:2    | Reached skill level 1 in Unarmed Combat
 43407 | Elf:2    | Received a gift from Okawaru
 43870 | Elf:2    | Upgraded the game from 0.26-a0-844-g3dd439832f to
                  | 0.26-a0-846-gcc8f1ee719
 43898 | Elf:3    | Entered Level 3 of the Elven Halls
 43907 | Elf:3    | Got a translucent ring mail
 45725 | Elf:3    | Found an ancient bone altar of Kikubaaqudgha.
 45941 | Elf:3    | Identified the ring "Nuxerr" {rF+ MR+}
 45974 | Elf:3    | Identified the ring of Tihigg {rPois Str+4}
 45987 | Elf:3    | Noticed an Ice Fiend
 45997 | Elf:3    | Noticed an Ice Fiend
 46303 | Elf:3    | Noticed a Hell Sentinel
 46476 | Elf:3    | Identified the ring "Vaik" {MR+ MP+9 Slay+3}
 46477 | Elf:3    | Received a gift from Okawaru
 46512 | Elf:3    | Reached skill level 23 in Slings
 46533 | Elf:3    | Received a gift from Okawaru
 46542 | Elf:3    | Reached XP level 21. HP: 153/153 MP: 27/27
 46969 | Elf:3    | Identified the +4 flail "Hibufoph" {holy, *Noise *Drain
                  | Dex+8 Stlth+}
 46969 | Elf:3    | Identified the ring of Narph {MR+ Str+6 Dex+3 Stlth+}
 46988 | Elf:3    | Identified the cursed +0 plate armour of Midsummer {-Cast
                  | rPois rN+}
 47177 | Elf:3    | Found the +8 longbow "Zephyr" {speed, Dex+3 SInv}
 47382 | Orc:2    | Received a gift from Okawaru
 47803 | D:9      | Identified the cursed +1 ring mail "Qefem" {rN+ Int+3} (You
                  | found it on level 3 of the Elven Halls)
 47829 | D:9      | Bought the ring "Fyaps" {rN+ Slay+2 SInv Stlth+} for 635
                  | gold pieces
 47948 | Vaults:1 | Entered Level 1 of the Vaults
 48205 | Vaults:1 | Received a gift from Okawaru
 48505 | Vaults:1 | Received a gift from Okawaru
 48547 | Vaults:1 | Received a gift from Okawaru
 49061 | Vaults:1 | Found Siakkygg's Book Emporium.
 49534 | Vaults:2 | Reached skill level 1 in Fire Magic
 49703 | Vaults:2 | Reached skill level 1 in Earth Magic
 50193 | Vaults:2 | Reached skill level 1 in Hexes
 50225 | Vaults:2 | You fall into a shaft and drop 2 floors!
 50236 | Vaults:4 | Received a gift from Okawaru
 50255 | Vaults:4 | Received a gift from Okawaru
 50559 | Vaults:4 | Received a gift from Okawaru
 50584 | Vaults:4 | Reached skill level 24 in Slings
 50722 | Vaults:4 | Received a gift from Okawaru
 50723 | Vaults:4 | Reached XP level 22. HP: 162/162 MP: 28/28
 51146 | Vaults:4 | Reached skill level 5 in Translocations
 51590 | Vaults:4 | Noticed Mara
 51601 | Vaults:4 | Noticed marklar909's illusion
 51619 | Vaults:4 | Received a gift from Okawaru
 51630 | Vaults:4 | Killed Mara
 52951 | Vaults:3 | Found a staircase to the Crypt.
 52976 | Vaults:3 | Received a gift from Okawaru
 53136 | Vaults:3 | Reached XP level 23. HP: 169/169 MP: 30/30
 53829 | Vaults:3 | Reached skill level 5 in Fire Magic
 54393 | Vaults:2 | Received a gift from Okawaru
 54958 | D:14     | Killed Demosthentine's ghost
 54970 | D:14     | Received a gift from Okawaru
 55194 | Orc:1    | Bought 2 potions of heal wounds for 360 gold pieces
 55194 | Orc:1    | Bought a scroll of blinking for 270 gold pieces
 55194 | Orc:1    | Bought a scroll labelled ULORPH EGUPS for 36 gold pieces
 55194 | Orc:1    | Acquired 693 gold pieces
 55262 | D:10     | Reached skill level 5 in Stealth
 55469 | Depths:1 | Entered Level 1 of the Depths
 55490 | D:15     | Received a gift from Okawaru
 55948 | D:15     | Reached skill level 5 in Earth Magic
 56279 | Depths:1 | Reached skill level 15 in Shields
 56735 | Depths:1 | Reached skill level 10 in Invocations
 56972 | Depths:1 | Received a gift from Okawaru
 57197 | Depths:1 | Found a gateway to Hell.
 57241 | Depths:1 | Received a gift from Okawaru
 57604 | Depths:1 | Found a one-way gate to the infinite horrors of the Abyss.
 57634 | Depths:1 | Received a gift from Okawaru
 57665 | Depths:1 | Reached XP level 24. HP: 168/176 MP: 28/30
 58444 | Depths:2 | Reached skill level 25 in Slings
 58618 | Depths:2 | Received a gift from Okawaru
 59111 | Depths:2 | Found a radiant altar of Vehumet.
 59113 | Depths:2 | Found a transporter.
 59132 | Depths:2 | Identified the cursed +0 robe "Aracue Kume" {rElec rCorr}
 59654 | Depths:2 | Received a gift from Okawaru
 60778 | Depths:3 | Found a one-way gate leading to the halls of Pandemonium.
 61403 | Depths:3 | Reached XP level 25. HP: 183/183 MP: 31/31
 61830 | Depths:4 | Received a gift from Okawaru
 62202 | Depths:4 | Found a gateway to a ziggurat.
 62311 | Depths:4 | Found Gozag's Antique Weapon Shop.
 62337 | Depths:4 | Found an opulent altar of Gozag.
 62337 | Depths:4 | Found Gozag's Assorted Antiques.
 62338 | Depths:4 | Found Gozag's Antique Armour Boutique.
 63895 | Depths:5 | Entered Level 5 of the Depths
 63903 | Depths:5 | Reached skill level 15 in Armour
 64576 | Depths:5 | Received a gift from Okawaru
 64734 | Depths:5 | Received a gift from Okawaru
 66014 | Depths:5 | Got a glimmering plate armour
 66897 | Depths:5 | Reached XP level 26. HP: 147/190 MP: 28/31
 66912 | Depths:5 | Received a gift from Okawaru
 67087 | Depths:5 | Found a gate to the Realm of Zot.
 67760 | Depths:5 | Noticed a juggernaut
 67768 | Depths:5 | Killed a juggernaut
 67769 | Depths:5 | Reached skill level 26 in Slings
 68000 | Depths:5 | Identified the +0 plate armour "Pile" {*Corrode rPois Str+4
                  | Int+8} (You found it on level 5 of the Depths)
 68128 | Depths:2 | Identified the ring "Uqacaun" {rPois Dex+6 SInv}
 68155 | Depths:2 | Reached skill level 15 in Dodging
 68164 | Depths:2 | Identified the +1 robe of the Farrier {rC+}
 68175 | Depths:2 | Reached skill level 10 in Evocations
 68655 | Depths:2 | Found a transporter.
 68928 | Vaults:1 | Bought a book of Debilitation for 440 gold pieces
 68932 | Vaults:1 | Learned a level 3 spell: Portal Projectile
 69817 | Crypt:1  | Entered Level 1 of the Crypt
 70176 | Temple   | Fell from the grace of Okawaru
 70176 | Temple   | Became a worshipper of the Shining One
 70519 | Crypt:1  | You fall into a shaft and drop 1 floor!
 71426 | Crypt:1  | Reached * piety under the Shining One
 71432 | Crypt:1  | Reached skill level 10 in Translocations
 71778 | Crypt:1  | Reached ** piety under the Shining One
 72132 | Crypt:2  | Reached *** piety under the Shining One
 72695 | Crypt:2  | Noticed Saint Roka
 72728 | Crypt:2  | Killed Saint Roka
 72732 | Crypt:2  | Reached **** piety under the Shining One
 73027 | Crypt:2  | Found a runed translucent gate.
 73027 | Crypt:2  | Found a runed translucent gate.
 73027 | Crypt:2  | Found a runed translucent gate.
 73029 | Crypt:2  | Noticed Katt's ghost (adept MiFi)
 73029 | Crypt:2  | Noticed Ciwiv's ghost (veteran FoFi)
 73031 | Crypt:2  | Noticed Litabreata's ghost (veteran FoFi)
 73032 | Crypt:2  | Noticed Jetyrhek's ghost (veteran GrEE)
 73547 | Crypt:2  | HP: 4/191 [purple draconian/bolt of dispelling energy[the
                  | fury of Okawaru] (32)]
 74228 | Crypt:3  | Entered Level 3 of the Crypt
 74307 | Crypt:3  | Reached ***** piety under the Shining One
 74861 | Crypt:3  | Reached ****** piety under the Shining One
 74883 | Crypt:3  | Reached XP level 27. HP: 198/198 MP: 31/31
 74912 | Crypt:3  | Found the cursed +13 scythe of Curses {drain, *Curse}
 74923 | Crypt:3  | Identified Linivvir's Catalogue of Unstable Ice
 75810 | Crypt:3  | Found a staircase to the Tomb.
 76086 | Crypt:3  | Noticed Jory
 76114 | Crypt:3  | Killed Jory
 77012 | Crypt:3  | Got a brightly glowing scale mail
 77022 | Crypt:3  | Got a pair of glimmering boots
 77025 | Crypt:3  | Identified the +1 scale mail "Ippuamif" {Dex+8} (You found
                  | it on level 3 of the Crypt)
 77026 | Crypt:3  | Identified the +1 pair of boots of Yredelemnul's Grace
                  | {rC+} (You found it on level 3 of the Crypt)
 77174 | Crypt:2  | Killed Ciwiv's ghost
 77179 | Crypt:2  | Killed Jetyrhek's ghost
 77183 | Crypt:2  | Killed Katt's ghost
 77187 | Crypt:2  | Killed Litabreata's ghost
 78214 | Hell     | Entered the Vestibule of Hell
 78214 | Hell     | Noticed Geryon
 78991 | Hell     | Killed Geryon
 79035 | Hell     | Found a gateway to the freezing wastes of Cocytus.
 79217 | Hell     | Found a gateway to the ashen valley of Gehenna.
 79253 | Hell     | Found a gateway to the decaying netherworld of Tartarus.
 79355 | Hell     | Found a gateway to the Iron City of Dis.
 80211 | D:9      | Bought a brightly glowing scale mail for 171 gold pieces
 80211 | D:9      | Identified the +0 scale mail of the Mind {MR+} (You bought
                  | it in a shop on level 9 of the Dungeon)
 80461 | Depths:1 | Voluntarily entered the Abyss.
 80877 | Abyss:2  | Was forgiven by Okawaru
 80910 | Abyss:2  | Paralysed by accursed screaming for 1 turns
 80916 | Abyss:2  | Paralysed by accursed screaming for 1 turns
 81762 | Abyss:4  | Got an abyssal rune of Zot
 81827 | Depths:1 | Escaped the Abyss
 81960 | Coc:1    | Entered Level 1 of Cocytus
 81988 | Tar:1    | Entered Level 1 of Tartarus
 82008 | Tar:1    | Reached skill level 27 in Slings
 85588 | Tar:7    | Entered Level 7 of Tartarus
 85944 | Tar:7    | Noticed an ancient lich
 85952 | Tar:7    | Killed an ancient lich
 86277 | Tar:7    | The Shining One protects you from harm!
 86279 | Tar:7    | HP: 4/203 [reaper/+2 vorpal scythe[the effects of Hell]
                  | (11)]
 86279 | Tar:7    | Slain by a reaper

Illustrated notes

Levels and vault maps discovered:
D:1:      moated_graveyard_arrival, layout_basic
D:2:      layout_basic, dancing_weapons_uskayaw,
          chequers_ecumenical_altar_lobes, uniq_sigmund
D:3:      layout_basic, grunt_temple_overflow_order_and_chaos_2
D:4:      layout_rooms, yredelemnul_altar_generic, minmay_temple_entry_mist
D:5:      layout_rooms, uniq_edmund
D:6:      cheibrodos_steamvent, layout_gridville
D:7:      layout_loops_corners, basic_altar, minmay_circle_x
D:8:      layout_basic, gammafunk_temple_overflow_pools, uniq_maggie
D:9:      minmay_the_grid_net [minmay_the_grid_expand,
          minmay_the_grid_broken_lines, minmay_the_grid_gridbox,
          minmay_the_grid_rooms, minmay_the_grid_armoury,
          minmay_the_grid_prize_four_corners], layout_loops_ring,
          erik_lair_orcish_takeover, gammafunk_ghost_hydra_chop, serial_shops,
          nicolae_shop_stone, nicolae_shop_statue_plus, kennysheep_mini_moat,
          corexii_hall_statues_l, uniq_psyche
D:10:     gammafunk_the_bubble [the_bubble_gammafunk_plus_minus],
          layout_loops_ring, hiddenorc2_lemuel, kennysheep_another_room,
          uniq_sonja
D:11:     layout_cave_pools, basic_altar, kennysheep_flooded_box
D:12:     layout_cave_pools
D:13:     layout_stronghold, david_vaults_2, uniq_snorg, uniq_frances,
          uniq_nessos
D:14:     layout_layer_cave, fedhas_altar_fruit_tree, ebering_ghost_gozag,
          nicolae_ashenzari_panopticon
D:15:     grunt_enter_depths_snipers, layout_irregular_city, drop_trap,
          minivault_12, uniq_josephine, uniq_louise
Temple:   eino_temple_rhombus
Lair:1:   layout_small_grid, basic_altar, minmay_lair_oklob_chamber,
          grunt_megastairs_3
Lair:2:   layout_layer_cave, dummy_spider_entry, minmay_stone_trees_small,
          beast_lair_carwin_3, serial_bayou_shore_b, infiniplex_staircase_pool_2
Lair:3:   layout_cave_pods, elwin_shoals_entry_rocks, uniq_urug
Lair:4:   layout_regular_city, basic_altar, uniq_rupert
Lair:5:   layout_long_grid, chequers_serial_rivers_small_b, grunt_megastairs_5,
          lemuel_fruit_tree, infiniplex_staircase_pool, serial_bayou_shore_b
Lair:6:   due_jungle_book, layout_hall_layers, slime_dummy,
          portal_ice_cave_entry_ice_beasts, st_stairs_4,
          chequers_serial_rivers_room_b, serial_bayou_shore_b,
          serial_bayou_shore_a, lemuel_fruit_fields
Shoals:1: layout_shoals, serial_shops, shop_statue
Shoals:2: layout_shoals, nicolae_shoals_aquamancer_cove
Shoals:3: layout_shoals, serial_shops, shop_fountains, shop
Shoals:4: shoals_end_hangedman, layout_shoals, nicolae_shoals_hunting_party
Spider:1: layout_chambers
Spider:2: layout_spider_delve, gammafunk_ghost_split,
          nicolae_looking_at_the_future
Spider:3: layout_spider_delve, gammafunk_ghost_tricky_traps
Spider:4: grunt_spider_rune_circles, uniq_arachne
Orc:1:    layout_diamond_mine, serial_shops, shop
Orc:2:    st_orc_town, layout_caves, serial_shops, shop
Elf:1:    layout_geoelf_octagon, minmay_elf_necromancy,
          wad_floor_pattern_untrapped
Elf:2:    layout_geoelf_grid, sword_in_stone
Elf:3:    elf_hall, layout_loops_ring, basic_altar
Vaults:1: nicolae_vaults_puzzle_piece, hangedman_vaults_trim,
          nicolae_vaults_twisting_passages, v_misc_25, hangedman_vaults_corner,
          layout_vaults_omnigrid, serial_shops, shop_fountains
Vaults:2: ontoclasm_vaults_tryst, vaults_mumra_chevron,
          hangedman_vaults_stitches, ontoclasm_vaults_decontamination,
          ontoclasm_vaults_eye, ontoclasm_vaults_loading_screen,
          hangedman_vaults_nodes, grunt_vaults_trifunnel, vaults_mumra_lcd,
          hangedman_vaults_corner_blocks, nicolae_vaults_little_squares_2,
          nicolae_vaults_alarming, v_misc_22, ontoclasm_vaults_pinch,
          ontoclasm_vaults_gateway, layout_vaults_maze
Vaults:3: v_misc_3, vaults_room_octagon, v_misc_25,
          minmay_crypt_entry_simple_corners, v_misc_1, hangedman_vaults_pinch,
          nicolae_vaults_little_ls, v_misc_31, hangedman_vaults_locks,
          hangedman_vaults_trim, st_more_cells, nicolae_vaults_specimen_jars,
          nicolae_vaults_rhombus_5, vaults_dpeg_ring, layout_vaults_omnicross
Vaults:4: hangedman_vaults_unwind, hangedman_vaults_maws,
          nicolae_vaults_little_squares_4, v_misc_5,
          nicolae_vaults_stairing_the_circle, v_alt_pattern_6,
          nicolae_vaults_network_barrier, nicolae_vaults_meeting,
          layout_vaults_omnibox, uniq_mara
Crypt:1:  layout_chaotic_city
Crypt:2:  layout_chaotic_city, gammafunk_ghost_cemetery, uniq_saint_roka
Crypt:3:  due_elkab, layout_chaotic_city, nicolae_tomb_entry_rubble_hallway
Depths:1: layout_basic, abyss_entry_glasseish, chequers_big_river,
          pf_coc_iceberg, minmay_gold_behind_fungi, minmay_misc_feat_x,
          st_stairs_8, evilmike_ambush [evilmike_ambush_outer_basic,
          evilmike_ambush_inner_basic]
Depths:2: gammafunk_sealed_library, layout_cave_pools, abyss_entry_crystal,
          kennysheep_doodads, pf_dread_powers_of_hell, minmay_fire_ice_demons
Depths:3: minmay_glassy_protrusions, layout_basic, grunt_hell_entry_dis_grunt,
          rand_demon_pan_entry_9, hangedman_decor_points,
          hangedman_decor_riveting, minmay_misc_feat_roman,
          hangedman_abyss_or_decor_jellyfish_corner
Depths:4: kennysheep_gozag_temple, layout_cross, enter_ziggurat_d,
          pf_hell_entry_tar_spiral, abyss_entry, roderic_lattice_a,
          infiniplex_staircase_split_hallway
Depths:5: lemuel_castle_with_subvaults [lemuel_castle_interior_carwin_1],
          layout_long_grid, hell_entry, pan_entry, abyss_entry_small_statue_room
Hell
Coc:1:    layout_cocytus_delve, grunt_cocytus_stairs_refrigerator
Tar:1:    layout_grid_maze
Tar:2:    layout_catacombs, lemuel_nasty_fountain, grunt_megastairs_2
Tar:3:    layout_honeycomb
Tar:4:    layout_honeycomb
Tar:5:    layout_grid_maze, grunt_megastairs_1
Tar:6:    layout_grid_maze, nicolae_tar_cuneiform_water
Tar:7:    tar_grunt_cathedral

Skill      XL: |  1  2  3  4  5  6  7  8  9 10 11 12 13 14 15 16 17 18 19 20 21 22 23 24 25 26 27 |
---------------+----------------------------------------------------------------------------------+-----
Slings         | 6 7 8 9 10 12 13 14 15 16 17 19 20 21 22 23 24 25 26 27 | 27.0
Fighting       | 2 3 4 5 7 8 10 11 12 13 14 15 16 17 18 20 | 20.5
Shields        | 1 2 3 4 5 6 7 8 9 10 11 12 13 14 15 16 17 21 | 21.2
Armour         | 1 2 3 4 5 6 7 9 10 11 12 13 14 15 17 | 17.5
Invocations    | 1 2 3 5 6 7 8 9 10 11 | 11.9
Dodging        | 3 4 5 6 7 9 10 11 12 13 14 15 17 | 17.2
Spellcasting   | 1 2 3 |  3.8
Translocations | 2 3 4 6 7 8 9 10 | 10.4
Stealth        | 2 3 4 5 |  5.2
Air Magic      | 3 5 6 7 8 9 |  9.4
Evocations     | 4 6 7 8 9 10 | 10.1
Unarmed Combat | 2 |  2.1
Fire Magic     | 3 4 6 |  6.1
Earth Magic    | 2 4 5 6 |  6.8
Hexes          | 2 3 4 |  4.8
Throwing       | |  0.6
Poison Magic   | |  0.5

Action                   |  1- 3 |  4- 6 |  7- 9 | 10-12 | 13-15 | 16-18 | 19-21 | 22-24 | 25-27 || total
-------------------------+-------+-------+-------+-------+-------+-------+-------+-------+-------++-------
Melee: Hunting sling     |       |       |     1 |       |       |       |       |       |       ||     1
       Fustibalus        |       |       |       |       |     1 |     5 |     1 |       |       ||     7
       Unarmed           |       |       |       |       |       |       |    42 |       |       ||    42
 Fire: Hunting sling     |    81 |   278 |   485 |   315 |       |       |       |       |       ||  1159
       Fustibalus        |       |       |       |   462 |  1467 |  1616 |  1435 |  1771 |  3734 || 10485
Throw: Dart              |       |       |       |     3 |     4 |       |       |       |       ||     7
 Cast: Blink             |       |       |       |       |       |       |       |       |     1 ||     1
Invok: Heroism           |       |       |     2 |     6 |     8 |    15 |    12 |     8 |     1 ||    52
       Finesse           |       |       |       |     1 |     5 |     7 |     2 |     5 |     1 ||    21
       Cleansing Flame   |       |       |       |       |       |       |       |       |    48 ||    48
       Divine Shield     |       |       |       |       |       |       |       |       |     4 ||     4
       Summon Divine War |       |       |       |       |       |       |       |       |     2 ||     2
Evoke: Wand              |       |       |       |       |       |       |       |       |     1 ||     1
       Tin of tremorston |       |       |       |       |       |       |       |       |     1 ||     1
  Use: Scroll            |     3 |     3 |     9 |     7 |    22 |    11 |    15 |     3 |    13 ||    86
       Potion            |     1 |     2 |       |       |     1 |     5 |     1 |       |    13 ||    23
Armor: Leather armour    |     7 |       |       |       |       |       |       |       |       ||     7
       Ring mail         |       |    20 |    23 |    31 |       |       |       |       |       ||    74
       Chain mail        |       |       |       |       |    14 |       |       |       |   242 ||   256
       Scale mail        |       |       |       |       |   119 |   201 |   181 |   175 |    71 ||   747
       Plate armour      |       |       |       |       |       |       |       |       |   232 ||   232
Dodge: Dodged            |    19 |    72 |   121 |   139 |   530 |   675 |   412 |   611 |  1371 ||  3950
Block: Buckler           |       |    18 |    41 |    58 |   278 |   350 |   290 |   432 |   201 ||  1668
       Kite shield       |       |       |       |    38 |    24 |       |       |       |  1480 ||  1542
       Reflection        |       |       |       |       |       |       |    14 |    59 |    69 ||   142

Table legend: (Time is in decaauts)
 A = Elapsed time spent in this place.
 B = Non-inter-level travel time spent in this place.
 C = Inter-level travel time spent in this place.
 D = Time resting spent in this place.
 E = Time spent auto-exploring this place.
 F = Levels seen in this place.
 G = Mean time per level.
                   A        B        C        D        E       F      G
               +--------+--------+--------+--------+--------+-----+--------+
         Total |  79700 |  70754 |   8946 |   8106 |  48070 |  61 | 1306.6 |
       Dungeon |  21653 |  17800 |   3853 |   2116 |  12175 |  15 | 1443.5 |
        Temple |    125 |     72 |     53 |      0 |     70 |   1 |  125.0 |
          Lair |   8198 |   7246 |    952 |    422 |   5640 |   6 | 1366.3 |
        Shoals |   4222 |   3844 |    378 |    112 |   3028 |   4 | 1055.5 |
   Spider Nest |   6078 |   5449 |    629 |    706 |   3602 |   4 | 1519.5 |
  Orcish Mines |   2035 |   1479 |    556 |     17 |    958 |   2 | 1017.5 |
   Elven Halls |   4934 |   4561 |    373 |   1617 |   2117 |   3 | 1644.7 |
        Vaults |   7318 |   6416 |    902 |    356 |   4687 |   4 | 1829.5 |
         Crypt |   6539 |   6191 |    348 |   1040 |   3946 |   3 | 2179.7 |
        Depths |  12281 |  11581 |    700 |   1072 |   8516 |   5 | 2456.2 |
          Hell |    944 |    883 |     61 |    382 |    321 |   1 |  944.0 |
       Cocytus |      1 |      1 |      0 |      0 |      0 |   1 |    1.0 |
      Tartarus |   3471 |   3335 |    136 |      9 |   2144 |   7 |  495.9 |
         Abyss |   1201 |   1201 |      0 |      0 |    738 |   4 |  300.2 |
      Ice Cave |    695 |    695 |      0 |    255 |    122 |   1 |  695.0 |
               +--------+--------+--------+--------+--------+-----+--------+

Top non-repeatable levels by time:
Depths:5: 3871 daAuts
     D:9: 3080 daAuts
Depths:1: 2645 daAuts
   Elf:2: 2593 daAuts
 Crypt:3: 2590 daAuts
    D:15: 2516 daAuts
 Crypt:2: 2338 daAuts
Spider:1: 2245 daAuts
Depths:2: 2215 daAuts
  Lair:6: 2167 daAuts
Vaults:4: 2060 daAuts
Vaults:1: 1891 daAuts
Depths:3: 1868 daAuts
  Lair:2: 1832 daAuts
Vaults:3: 1767 daAuts
